 Dungeon Crawl Stone Soup version 0.20.1-1-g8b1a95d (webtiles) character file.

3195 Kingsmith the Tainter (level 9, -3/39 HPs)
             Began as a Spriggan Venom Mage on Dec 15, 2017.
             Was a Priest of Sif Muna.
             Killed from afar by Erica (23 damage)
             ... with a bolt of poison
             ... on level 9 of the Dungeon.
             The game lasted 00:22:50 (8921 turns).

Kingsmith the Tainter (Spriggan Venom Mage)         Turns: 8921, Time: 00:22:51

Health: -3/39      AC:  4    Str:  4    XL:     9   Next: 64%
Magic:  11/22      EV: 18    Int: 23    God:    Sif Muna [***...]
Gold:   515        SH:  0    Dex: 16    Spells: 10/25 levels left

rFire    + . .     SeeInvis +   y - +7 hand axe "Wikloz" {drain, rN+ Int+3}
rCold    . . .     Gourm    .   (shield restricted)
rNeg     + . .     Faith    .   a - +0 robe
rPois    .         Spirit   .   (helmet restricted)
rElec    .         Reflect  .   j - +1 cloak
rCorr    .         Harm     .   (gloves unavailable)
MR       +....                  (boots unavailable)
Stlth    ++........             (no amulet)
Regen    0.2/turn               e - ring of protection from fire
MPRegen  0.2/turn               (no ring)

@: lethally poisoned (-3 -> -20), very quick
A: unfitting armour, see invisible, herbivore 3, speed 3, slow metabolism 2
a: Divine Energy, Channel Magic, Renounce Religion


You were on level 9 of the Dungeon.
You worshipped Sif Muna.
Sif Muna was most pleased with you.
You were full.

You visited 2 branches of the dungeon, and saw 10 of its levels.

You collected 515 gold pieces.

Inventory:

Hand Weapons
 f - a +0 short sword of freezing
 i - a +2 quarterstaff of chaos
 y - the +7 hand axe "Wikloz" (weapon) {drain, rN+ Int+3}
   (You found it on level 4 of the Dungeon)

   A truly terrible weapon, it drains the life of those it strikes.
   It affects your intelligence (+3).
   It protects you from negative energy.
Armour
 a - a +0 robe (worn)
 j - a +1 cloak (worn)
 n - a cursed +0 robe
Magical Staves
 F - an uncursed staff of fire
Jewellery
 e - a ring of protection from fire (left hand)
Wands
 x - a wand of random effects (9/48)
 A - a wand of digging (4/24)
 D - a wand of flame (32/48)
Scrolls
 d - a scroll of fog {unknown}
 h - 3 scrolls of teleportation
 m - a scroll of immolation
 r - a scroll of brand weapon {unknown}
 s - a scroll of magic mapping
 t - 3 scrolls of remove curse
 u - a scroll of enchant armour
 E - a scroll of recharging {unknown}
Potions
 g - a potion of agility
 k - 2 potions of heal wounds
 o - 2 potions of might
 p - 3 potions of flight {unknown}
 q - 3 potions of cancellation {unknown}
 v - a potion of brilliance {unknown}
 w - 3 potions of curing {unknown}
 z - a potion of magic {unknown}
 B - 2 potions of resistance {unknown}
Books
 b - a Young Poisoner's Handbook

   Spells                             Type                      Level
   a - Sting                          Conjuration/Poison           1
   b - Poisonous Vapours              Poison/Air                   2
   c - Mephitic Cloud                 Conjuration/Poison/Air       3
   d - Olgreb's Toxic Radiance        Poison                       4
   e - Venom Bolt                     Conjuration/Poison           5
Comestibles
 c - 5 bread rations
 l - 2 royal jellies
 C - a fruit


   Skills:
 - Level 3.0 Dodging
 - Level 3.0 Stealth
 + Level 8.9 Spellcasting
 - Level 5.0 Conjurations
 - Level 10.1 Poison Magic


You had 10 spell levels left.
You knew the following spells:

 Your Spells              Type           Power        Failure   Level  Hunger
a - Sting                 Conj/Pois      ####         1%          1    None
b - Poisonous Vapours     Pois/Air       ####..       1%          2    None
c - Mephitic Cloud        Conj/Pois/Air  ####....     2%          3    None
d - Olgreb's Toxic Radia  Pois           ######..     1%          4    ##.....
e - Venom Bolt            Conj/Pois      #####.....   8%          5    ####...


Dungeon Overview and Level Annotations

Branches:
Dungeon (9/15)             Temple (1/1) D:4
   Lair: D:8-11         Orc: D:9-12

Altars:
Ashenzari
Cheibriados
Dithmenos
Elyvilon
Fedhas
Gozag
Hepliaklqana
Kikubaaqudgha
Makhleb
Nemelex Xobeh
Okawaru
Qazlal
Ru
Sif Muna
Trog
Uskayaw
Vehumet
Xom
Yredelemnul
Zin
The Shining One

Shops:
D:6 =}

Annotations:
D:4 nightchill's ghost, amateur DrIE
D:7 Dowan; Duvessa
D:9 Erica


Innate Abilities, Weirdness & Mutations

You are very small and have problems with some larger weapons.
You are too small for most types of armour.
You have supernaturally acute eyesight. (SInv)
You are a herbivore.
You cover ground extremely quickly.
You need consume almost no food.


Message History

Aiming: Poisonous Vapours
Press: ? - help, Dir - move target cursor, f/p - Erica
Aim: Erica, wielding a scimitar of flaming and wearing a glowing robe (moderately wounded, poisoned) Poisonous vapours surround Erica!
Erica is engulfed in poison gas.
Erica looks as sick as possible!
A crimson imp comes into view.
Casting: Poisonous Vapours
Confirm with . or Enter, or press ? or * to list all spells.
Aiming: Poisonous Vapours
Press: ? - help, Dir - move target cursor, f/p - Erica
Aim: Erica, wielding a scimitar of flaming and wearing a glowing robe (heavily wounded, poisoned) Poisonous vapours surround Erica!
Erica is engulfed in poison gas.
Erica looks as sick as possible!
Erica casts a spell at you.
You easily resist.
The crimson imp blinks!
Erica gestures at you while chanting. The bolt of poison hits you!
You are poisoned.
Ouch! That really hurt!
You die...

######## #)......
#######.######
#.......#..... ####
#######.......##.#.. #....
#.....#.......##.#..
?#§...###.^...#.......##.##.
....5.§@...@..'....).....>..
#....#.#######.....[.#####<
### #.# #####...# ## #.#
##### #.# ..# ..# ..# #..#


You could see Erica and a crimson imp.

Vanquished Creatures
  A two-headed ogre (D:8)
  Sigmund (D:3)
  A hungry ghost (D:9)
  Menkaure (D:6)
  An ice beast (D:7)
  3 centaurs
  7 ogres
  A bullfrog (D:6)
  A big kobold (D:8)
  A scorpion (D:8)
  A killer bee (D:8)
  A bullfrog zombie (D:6)
  A crimson imp (D:8)
  5 orc priests
  Crazy Yiuf (D:6)
  5 hounds
  A jelly (D:8)
  2 orc wizards
  A centaur skeleton (D:7)
  2 iguanas
  Terence (D:3)
  6 worker ants
  2 hound skeletons (D:4)
  A howler monkey zombie (D:5)
  10 adders
  2 adder skeletons
  4 worms
  A dart slug (D:1)
  3 leopard geckos
  10 orcs
  2 ball pythons (D:3)
  7 giant cockroaches
  6 hobgoblins
  15 jackals
  7 quokkas
  7 bats
  3 frilled lizards
  A goblin (D:3)
  14 kobolds
  A leopard gecko skeleton (D:3)
  A quokka skeleton (D:7)
  9 rats
151 creatures vanquished.

Notes
Turn   | Place    | Note
-------+----------+-------------------------------------------
     0 | D:1      | Kingsmith the Spriggan Venom Mage began the quest for the Orb.
     0 | D:1      | Reached XP level 1. HP: 9/9 MP: 5/5
   215 | D:1      | Reached XP level 2. HP: 13/13 MP: 0/7
   963 | D:1      | Learned a level 2 spell: Poisonous Vapours
  1220 | D:2      | Reached XP level 3. HP: 9/16 MP: 0/10
  1564 | D:2      | Reached skill level 5 in Spellcasting
  2022 | D:2      | Reached XP level 4. HP: 21/21 MP: 10/12
  2554 | D:3      | Noticed Sigmund
  2641 | D:3      | Killed Sigmund
  2641 | D:3      | Reached XP level 5. HP: 13/24 MP: 1/16
  2653 | D:3      | Learned a level 3 spell: Mephitic Cloud
  2658 | D:3      | Learned a level 4 spell: Olgreb's Toxic Radiance
  2664 | D:3      | Learned a level 5 spell: Venom Bolt
  2952 | D:3      | Reached XP level 6. HP: 28/28 MP: 12/17
  3069 | D:3      | Noticed Terence
  3078 | D:3      | Killed Terence
  3271 | D:3      | Found a blossoming altar of Fedhas.
  3539 | D:4      | Reached skill level 4 in Poison Magic
  3647 | D:4      | Found a staircase to the Ecumenical Temple.
  3793 | Temple   | Entered the Ecumenical Temple
  3961 | Temple   | Became a worshipper of Sif Muna the Loreminder
  4088 | D:4      | Reached skill level 5 in Poison Magic
  4307 | D:4      | Reached XP level 7. HP: 32/32 MP: 4/19
  4549 | D:4      | Noticed nightchill's ghost (amateur DrIE)
  4615 | D:4      | Got an iridescent hand axe
  4617 | D:4      | Identified the +7 hand axe "Wikloz" {drain, rN+ Int+3} (You found it on level 4 of the Dungeon)
  4798 | D:4      | Reached skill level 6 in Poison Magic
  4905 | D:5      | Entered Level 5 of the Dungeon
  5236 | D:5      | Reached skill level 7 in Poison Magic
  5442 | D:5      | Reached * piety under Sif Muna
  5840 | D:6      | Reached XP level 8. HP: 36/36 MP: 7/20
  5930 | D:6      | Found Dyczomp's Gadget Shoppe.
  5932 | D:6      | Found Uckuufoi's Jewellery Boutique.
  5956 | D:6      | Reached skill level 8 in Poison Magic
  6519 | D:6      | Found a runed door.
  6523 | D:6      | Noticed Crazy Yiuf
  6534 | D:6      | Killed Crazy Yiuf
  6642 | D:6      | Reached skill level 9 in Poison Magic
  6807 | D:6      | Noticed Menkaure
  6816 | D:6      | Killed Menkaure
  7205 | D:7      | Reached ** piety under Sif Muna
  7205 | D:7      | Reached skill level 10 in Poison Magic
  7307 | D:7      | Reached skill level 1 in Conjurations
  7443 | D:7      | Noticed Duvessa
  7445 | D:7      | Noticed Dowan
  7449 | D:7      | Noticed a hippogriff
  7732 | D:8      | Reached XP level 9. HP: 31/39 MP: 2/21
  7857 | D:8      | Noticed a two-headed ogre
  7889 | D:8      | Killed a two-headed ogre
  8151 | D:7      | Reached *** piety under Sif Muna
  8151 | D:7      | Reached skill level 5 in Conjurations
  8911 | D:9      | Noticed Erica
  8921 | D:9      | Killed from afar by Erica

Skill      XL: |  1  2  3  4  5  6  7  8  9 |
---------------+----------------------------+-----
Spellcasting   | 3 4 5 7 8 |  8.9
Poison Magic   | 5 7 10 | 10.1
Conjurations   | 2 5 |  5.0
Dodging        | |  3.0
Stealth        | |  3.0

Action                   |  1- 3 |  4- 6 |  7- 9 || total
-------------------------+-------+-------+-------++-------
Melee: Short sword       |    58 |    46 |       ||   104
       Unarmed           |     1 |       |       ||     1
       Hand axe          |       |       |    87 ||    87
 Cast: Sting             |    72 |    29 |     2 ||   103
       Poisonous Vapours |     7 |    54 |   169 ||   230
       Mephitic Cloud    |       |       |     2 ||     2
       Olgreb's Toxic Ra |       |       |     2 ||     2
       Venom Bolt        |       |       |     1 ||     1
  Use: Scroll            |       |       |    15 ||    15
       Potion            |       |       |     1 ||     1
 Stab: Sleeping          |       |     1 |     1 ||     2
       Confused          |       |       |     1 ||     1
  Eat: Royal jelly       |       |       |     1 ||     1
       Bread ration      |       |       |     2 ||     2
Armor: Robe              |     8 |     2 |    17 ||    27
Dodge: Dodged            |    63 |    50 |    97 ||   210
Block: Buckler           |     5 |    10 |       ||    15
